 Dungeon Crawl Stone Soup version 0.28-a0-1128-gb845255321 (webtiles) character file.

Game seed: 7189984969943624982

60 Essalna the Firebug (level 3, -1/24 HPs)
             Began as a Demonspawn Fire Elementalist on Dec 12, 2021.
             Slain by a scorpion (4 damage)
             ... on level 4 of the Dungeon.
             The game lasted 00:03:51 (2113 turns).

Essalna the Firebug (Demonspawn Fire Elementalist)  Turns: 2113, Time: 00:03:52

Health: -1/24      AC:  2    Str:  8    XL:     3   Next: 82%
Magic:  4/7        EV: 12    Int: 18    God:
Gold:   37         SH:  0    Dex: 13    Spells: 6/7 levels left

rFire   . . .      SeeInvis .   g - +1 dagger (elec)
rCold   . . .      Faith    .   (no shield)
rNeg    . . .      Spirit   .   a - +0 robe
rPois   .          Reflect  .   (no helmet)
rElec   .          Harm     .   (no cloak)
rCorr   .          Rampage  .   (no gloves)
Will    .....                   (no boots)
Stlth   ++........              (no amulet)
HPRegen 0.08/turn               f - ring of wizardry
MPRegen 0.10/turn               (no ring)

@: lethally poisoned (-1 -> -6)
A: powered by death 1
a: no special abilities


You were on level 4 of the Dungeon.
You visited 1 branch of the dungeon, and saw 4 of its levels.

You collected 37 gold pieces.

Inventory:

Hand Weapons
 d - a +0 whip
 g - a +1 dagger of electrocution (weapon)
Armour
 a - a +0 robe (worn)
Jewellery
 f - a ring of wizardry (left hand)
Scrolls
 k - 2 scrolls of identify
Potions
 h - a potion of heal wounds


   Skills:
 - Level 1.7 Dodging
 - Level 1.7 Stealth
 + Level 2.7 Spellcasting
 + Level 2.2 Conjurations
 + Level 3.3 Fire Magic


You had 6 spell levels left.
You knew the following spells:

 Your Spells              Type           Power      Damage    Failure   Level
a - Foxfire               Conj/Fire      48%        2x1d6     2%          1

Your spell library contained the following spells:

 Spells                   Type           Power      Damage    Failure   Level
 Scorch                   Fire           28%        2d6       2%          2
 Conjure Flame            Conj/Fire      12%        6-21      6%          3
 Summon Small Mammal      Summ           8%         N/A       7%          1
 Inner Flame              Hex/Fire       8%         N/A       11%         3
 Call Canine Familiar     Summ           2%         N/A       21%         3
 Summon Guardian Golem    Hex/Summ       2%         N/A       21%         3
 Flame Wave               Conj/Fire      12%        2d5       21%         4
 Leda's Liquefaction      Hex/Erth       1%         N/A       52%         4
 Lee's Rapid Deconstruct  Erth           1%         3d5*      86%         5
 Dispersal                Tloc           1%         N/A       100%        6
 Statue Form              Tmut/Erth      1%         N/A       100%        6
 Disjunction              Tloc           1%         N/A       100%        8


Dungeon Overview and Level Annotations

Branches:
Dungeon (4/15)
 Temple: D:4-7

Altars:
Gozag

Shops:
D:2 *


Innate Abilities, Weirdness & Mutations

You regenerate a little health from kills.


Message History

It was a scroll of immolation.
As you read the scroll labelled POAWAH NIRE, it crumbles to dust.
You assume a fearsome visage.
Nothing appears to happen.
It was a scroll of fear.
As you read the scroll labelled NOELURCH MOERUUZO, it crumbles to dust.
It is a scroll of identify.
h - a potion of heal wounds You open the door.
A scorpion comes into view.
Casting: Foxfire (safe; 2% risk of failure)
Confirm with . or Enter, or press ? or * to list all spells.
You conjure some foxfire!
The foxfire hits the scorpion but does no damage.
You hit the scorpion.
The scorpion is lightly wounded.
The foxfire hits the scorpion.
The scorpion is lightly wounded.
Casting: Foxfire (safe; 2% risk of failure)
Confirm with . or Enter, or press ? or * to list all spells.
You conjure some foxfire!
The scorpion stings you!
You are poisoned.
The scorpion poisons you!
You hit the scorpion but do no damage.
The scorpion is lightly wounded.
You feel very sick.
The foxfire hits the scorpion.
The scorpion is moderately wounded.
The scorpion stings you!
* * * LOW HITPOINT WARNING * * *
You closely miss the scorpion.
The scorpion is moderately wounded.
* * * LOW HITPOINT WARNING * * *
You feel sick. The scorpion closely misses you. The scorpion stings you.
* * * LOW HITPOINT WARNING * * *
Casting: Foxfire (safe; 2% risk of failure)
Confirm with . or Enter, or press ? or * to list all spells.
You conjure some foxfire!
* * * LOW HITPOINT WARNING * * *
You feel sick. The scorpion stings you.
You die...

#.......
#......
..... ...
#'# #.# #.#
##########s#
#........v@#
#.##########
#.# #.# #.#
#.# #.# #.#
#.#


You could see a scorpion (ally target).

Vanquished Creatures
  2 adders
  2 dart slugs (D:2)
  3 bats
  5 endoplasms
  A giant cockroach (D:1)
  A goblin (D:2)
  3 hobgoblins
  A quokka (D:1)
  5 ball pythons
  2 frilled lizards
  6 kobolds
  5 rats
36 creatures vanquished.

Vanquished Creatures (others)
  120 foxfires
120 creatures vanquished.

Grand Total: 156 creatures vanquished

Notes
Turn   | Place    | Note
-------+----------+-------------------------------------------
     0 | D:1      | Essalna the Demonspawn Fire Elementalist began the quest
                  | for the Orb.
     0 | D:1      | Reached XP level 1. HP: 13/13 MP: 3/3
   248 | D:1      | Gained mutation: You regenerate a little health from kills.
                  | [demonic ancestry]
   248 | D:1      | Reached XP level 2. HP: 19/19 MP: 1/5
   661 | D:1      | Reached skill level 3 in Fire Magic
  1143 | D:2      | Found a faded altar of an unknown god.
  1358 | D:2      | Reached XP level 3. HP: 24/24 MP: 2/6
  1745 | D:2      | Found Umuf's Assorted Antiques.
  1895 | D:3      | Found an opulent altar of Gozag.
  2104 | D:4      | Noticed a scorpion
  2113 | D:4      | Slain by a scorpion

Illustrated notes

Levels and vault maps discovered:
D:1:      sevenhm_arrival_forest_fort_small_3, layout_rooms,
          minmay_close_crescents
D:2:      layout_loops_ring, shapermc_ecumenical_altar_petra, serial_shops,
          nicolae_lakefront_shop
D:3:      layout_loops_ring, nicolae_gozag_seed_capital, dk_vineyard_1,
          due_unseen_surprise
D:4:      layout_basic, mainiacjoe_overflow_divided_tiny,
          cheibrodos_sewer_entry_bend, glass_columns_c

Skill      XL: |  1  2  3 |
---------------+----------+-----
Fire Magic     | 3 |  3.3
Conjurations   | 2 |  2.2
Dodging        | |  1.7
Stealth        | |  1.7
Spellcasting   | |  2.7

Action                   || total
-------------------------++-------
Melee: Unarmed           ||     1
       Dagger            ||    28
 Cast: Foxfire           ||    76
  Use: Scroll            ||     6
Armor: Robe              ||     5
Dodge: Dodged            ||    12

Table legend: (Time is in decaauts)
 A = Elapsed time spent in this place.
 B = Non-inter-level travel time spent in this place.
 C = Inter-level travel time spent in this place.
 D = Time resting spent in this place.
 E = Time spent auto-exploring this place.
 F = Levels seen in this place.
 G = Mean time per level.
                   A        B        C        D        E       F      G
               +--------+--------+--------+--------+--------+-----+--------+
         Total |   2110 |   2059 |     51 |    155 |   1662 |   4 |  527.5 |
       Dungeon |   2110 |   2059 |     51 |    155 |   1662 |   4 |  527.5 |
               +--------+--------+--------+--------+--------+-----+--------+

Top non-repeatable levels by time:
     D:1: 1000 daAuts
     D:2: 883 daAuts
     D:3: 180 daAuts
     D:4: 45 daAuts
